 Dungeon Sprint DCSS version 0.27-a0-463-gec7707c53d (webtiles) character file.

Game seed: 18186502307842258312

10 mhtbhm the Covered (level 2, 0/40 HPs)
             Began as a Minotaur Fighter on Feb 28, 2021.
             Was a Believer of Trog.
             Slain by a flying skull (2 damage)
             ... in the Dungeon (Sprint VII: "The Pits").
             The game lasted 00:00:19 (140 turns).

mhtbhm the Covered (Minotaur Fighter)                Turns: 140, Time: 00:00:19

Health: 0/40       AC:  7    Str: 20    XL:     2   Next: 10%
Magic:  1/1        EV:  7    Int:  5    God:    Trog [**....]
Gold:   0          SH:  9    Dex:  9    Spells: 1/1 levels left

rFire    . . .     SeeInvis .   a - +2 hand axe
rCold    . . .     Faith    .   c - +0 kite shield
rNeg     . . .     Spirit   .   b - +0 scale mail
rPois    .         Reflect  .   (helmet restricted)
rElec    .         Harm     .   (no cloak)
rCorr    .         Rampage  .   (no gloves)
Will     .....     NoTele   +   (no boots)
Stlth    ..........             (no amulet)
HPRegen  0.13/turn              (no ring)
MPRegen  0.07/turn              (no ring)

@: berserking (expiring), very quick
A: retaliatory headbutt, horns 2
a: Renounce Religion, Berserk, Trog's Hand


You were in the Dungeon.
You worshipped Trog.
Trog was pleased with you.
You visited 1 branch

Inventory:

Hand Weapons
 a - a +2 hand axe (weapon)
Armour
 b - a +0 scale mail (worn)
 c - a +0 kite shield (worn)
Scrolls
 j - a scroll of blinking
 l - 5 scrolls of amnesia
 m - a scroll of summoning
Potions
 d - a potion of might
 e - a potion of curing
 f - a potion of heal wounds
 g - a potion of haste
 h - 4 potions of magic
 i - 3 potions of berserk rage
 k - 2 potions of invisibility


   Skills:
 + Level 4.0 Fighting
 + Level 2.9 Axes
 + Level 4.8 Armour
 + Level 4.8 Shields


You had one spell level left.
You didn't know any spells.
Your spell library was empty.

Dungeon Overview and Level Annotations

Branches:
Dungeon (1/1)

Altars:
Cheibriados
Dithmenos
Elyvilon
Fedhas
Gozag
Hepliaklqana
Makhleb
Nemelex Xobeh
Okawaru
Qazlal
Ru
Sif Muna
Trog
Vehumet
Wu Jian
Xom
Yredelemnul
Zin
The Shining One
Beogh
Jiyva
Lugonu


Innate Abilities, Weirdness & Mutations

You reflexively headbutt those who attack you in melee.
You have a pair of horns on your head.


Message History

The quokka bites you but does no damage.
You hit the quokka.
You kill the quokka!
Trog accepts your kill.
A ball python comes into view.
The ball python hisses angrily.
There is an open door here.
The ball python barely misses you. You furiously retaliate!
You headbutt the ball python!
You kill the ball python!
Trog accepts your kill.
You can now call upon Trog for regeneration and willpower.
You open the door.
A river rat, a floating eye, a gnoll and a flying skull come into view.
The flying skull gives a hideous shriek!
The gnoll shouts!
The floating eye turns its gaze towards you.
The floating eye seems to glare at you.
There is an open door here.
A red film seems to cover your vision as you go berserk!
You feel yourself moving faster!
You feel mighty! The flying skull hits you.
You slash the flying skull!
The flying skull is heavily damaged.
You block the flying skull's attack.
The floating eye gazes piercingly through you!
You suddenly lose the ability to move!
The flying skull hits you. The gnoll barely misses you.
The flying skull hits you!
The floating eye pulsates ominously.
The flying skull hits you!
The gnoll hits you from afar with a +0 halberd!
* * * LOW HITPOINT WARNING * * *
The flying skull hits you but does no damage. x2
You can move again.
You closely miss the flying skull.
The flying skull is heavily damaged.
The gnoll hits you from afar with a +0 halberd.
* * * LOW HITPOINT WARNING * * *
The flying skull hits you.
You die...

#.?(.')))'.##......#..#
##########.##..........
#..........†'..........
#+#####'#####......#..#
#...††# #..........
#.....# ####'#####+
###'### #.......#
#.†...# #.......#
#...@.# #.......#
####z## #...<...#
#..grG...##.......#
#......G.##.......#
###########.......#
#########


You could see a flying skull, a floating eye, a gnoll and a river rat.

Vanquished Creatures
  2 leopard geckos (D)
  3 jackals (D)
  A quokka (D)
  A ball python (D)
7 creatures vanquished.

Notes
Turn   | Place    | Note
-------+----------+-------------------------------------------
     0 | D        | mhtbhm the Minotaur Fighter began the quest for the Orb.
     0 | D        | Reached XP level 1. HP: 19/19 MP: 0/0
    42 | D        | Found a bloodstained altar of Trog.
    42 | D        | Found a shimmering blue altar of Sif Muna.
    42 | D        | Found a viscous altar of Jiyva.
    42 | D        | Found a hazy altar of Hepliaklqana.
    42 | D        | Found an opulent altar of Gozag.
    43 | D        | Found a glowing golden altar of the Shining One.
    43 | D        | Found a glowing silver altar of Zin.
    43 | D        | Found a basalt altar of Yredelemnul.
    43 | D        | Found a shimmering altar of Xom.
    43 | D        | Found an ornate altar of the Wu Jian Council.
    43 | D        | Found a sacrificial altar of Ru.
    43 | D        | Found a stormy altar of Qazlal.
    43 | D        | Found an iron altar of Okawaru.
    43 | D        | Found a sparkling altar of Nemelex Xobeh.
    43 | D        | Found a burning altar of Makhleb.
    43 | D        | Found a blossoming altar of Fedhas.
    43 | D        | Found a white marble altar of Elyvilon.
    43 | D        | Found a shadowy altar of Dithmenos.
    43 | D        | Found a snail-covered altar of Cheibriados.
    45 | D        | Found a radiant altar of Vehumet.
    45 | D        | Found a corrupted altar of Lugonu.
    45 | D        | Found a roughly hewn altar of Beogh.
    47 | D        | Became a worshipper of Trog the Wrathful
    62 | D        | Reached * piety under Trog
    67 | D        | Reached XP level 2. HP: 20/27 MP: 1/1
   129 | D        | Reached ** piety under Trog
   133 | D        | Noticed a flying skull
   133 | D        | Noticed a floating eye
   136 | D        | Paralysed by a floating eye for 4 turns
   140 | D        | HP: 2/40 [gnoll/+0 halberd (1)]
   140 | D        | Slain by a flying skull

Illustrated notes

Levels and vault maps discovered:
D:        pitsprint [storerooms_1, entrance_room_1, metal_vault_8, armoury_1,
          mini_pit_1, grid_room_1, main_hall_1, silver_pit, the_coven_3,
          the_vestibule_1, steel_vault_3, golden_pit, hallway_of_sentries,
          crystal_vault_4, iron_vault_1, final_vault]

Skill      XL: |  1 |
---------------+----+-----
Fighting       | 4 |  4.0
Armour         | 4 |  4.8
Shields        | 4 |  4.8
Axes           | |  2.9

Action                   || total
-------------------------++-------
Melee: Hand axe          ||    14
       War axe           ||     3
       Headbutt          ||     2
Invok: Berserk           ||     1
Armor: Scale mail        ||    10
Dodge: Dodged            ||     5
Block: Kite shield       ||    10

Table legend: (Time is in decaauts)
 A = Elapsed time spent in this place.
 B = Non-inter-level travel time spent in this place.
 C = Inter-level travel time spent in this place.
 D = Time resting spent in this place.
 E = Time spent auto-exploring this place.
 F = Levels seen in this place.
 G = Mean time per level.
                   A        B        C        D        E       F      G
               +--------+--------+--------+--------+--------+-----+--------+
         Total |    146 |    146 |      0 |     53 |      0 |   1 |  146.0 |
       Dungeon |    146 |    146 |      0 |     53 |      0 |   1 |  146.0 |
               +--------+--------+--------+--------+--------+-----+--------+

Top non-repeatable levels by time:
       D: 146 daAuts
